 Dungeon Crawl Stone Soup version 0.28.0-43-g3370ac3207 (webtiles) character file.

Game seed: 5816870526050912980

100271 rjgbitbgit4bgw the Warrior (level 15, -3/152 HPs)
             Began as a Minotaur Berserker on Mar 16, 2022.
             Was a High Priest of Trog.
             Slain by a demonic crawler (6 damage)
             ... on level 3 of the Lair of Beasts on Mar 23, 2022.
             The game lasted 02:21:11 (34151 turns).

rjgbitbgit4bgw the Warrior (Minotaur Berserker)    Turns: 34151, Time: 02:21:12

Health: -3/152     AC: 30    Str: 26      XL:     15   Next: 80%
Magic:  14/14      EV: 10    Int:  9 (10) God:    Trog [*****.]
Gold:   1331       SH: 16    Dex: 15 (16) Spells: 14/14 levels left

rFire   . . .      SeeInvis +   h - +5 morningstar "Mergheaw" {holy, +Blink rC+++ rN+ Int-4}
rCold   + + .      Faith    .   H - +0 tower shield
rNeg    + . .      Spirit   .   s - +3 plate armour {rPois}
rPois   +          Reflect  .   B - +0 mask of the Dragon {Will+ Slay+3 SInv}
rElec   .          Harm     .   q - +2 cloak {rPois}
rCorr   .          Rampage  .   N - +2 pair of gloves
Will    +++..                   r - +2 pair of boots
Stlth   ..........              z - amulet of regeneration
HPRegen 1.15/turn               K - ring of Hotsutz {Fly rC- Will+ Int+2 Dex+5}
MPRegen 0.14/turn               i - +6 ring of intelligence

@: mighty, lethally poisoned (-3 -> -14), spiked, on berserk cooldown, flying,
slowed, very slow
A: horns 2, retaliatory headbutt
a: Renounce Religion, Evoke Blink, Berserk, Trog's Hand, Brothers in Arms


You were on level 3 of the Lair of Beasts.
You worshipped Trog.
Trog was extremely pleased with you.
You visited 4 branches of the dungeon, and saw 23 of its levels.
You also visited: Gauntlet.

You collected 1331 gold pieces.

Inventory:

Hand Weapons
 h - the +5 morningstar "Mergheaw" (weapon) {holy, +Blink rC+++ rN+ Int-4}
   (You took it off a minotaur in a Gauntlet)

   It has been blessed by the Shining One to cause great damage to the undead
   and demons.
   Int:       It affects your intelligence (-4).
   rC:        It renders you almost immune to cold.
   rN:        It protects you from negative energy.
   +Blink:    It lets you blink.
 l - a +2 longbow of flaming
 L - the +9 trident of Yrphaed {vorpal, rElec Int+4}
   (You found it on level 6 of the Lair of Beasts)

   It inflicts extra damage upon your enemies.
   Int:       It affects your intelligence (+4).
   rElec:     It insulates you from electricity.
Armour
 q - a +2 cloak of poison resistance (worn)
 r - a +2 pair of boots (worn)
 s - a +3 plate armour of poison resistance (worn)
 B - the +0 mask of the Dragon (worn) {Will+ Slay+3 SInv}
   (You found it on level 2 of the Lair of Beasts)

   Slay:      It affects your accuracy & damage with ranged weapons and melee
   (+3).
   SInv:      It lets you see invisible.
   Will:      It increases your willpower.
 H - a +0 tower shield (worn)
 N - a +2 pair of gloves (worn)
Jewellery
 d - a ring of poison resistance
 f - a ring of willpower
 i - a +6 ring of intelligence (right hand)
 u - a ring of resist corrosion
 z - an amulet of regeneration (around neck)
 K - the ring of Hotsutz (left hand) {Fly rC- Will+ Int+2 Dex+5}
   (You found it in a Gauntlet)

   [ring of willpower]

   Int:       It affects your intelligence (+2).
   Dex:       It affects your dexterity (+5).
   rC:        It makes you vulnerable to cold.
   Fly:       It grants you flight.
   Will:      It increases your willpower.
Wands
 p - a wand of paralysis (10)
 F - a wand of charming (7)
 Q - a wand of digging (14)
 R - a wand of polymorph (11)
 T - a wand of acid (2)
 U - a wand of flame (8)
 X - a wand of iceblast (22)
Scrolls
 g - 5 scrolls of teleportation
 j - 9 scrolls of vulnerability
 k - 2 scrolls of noise {unknown}
 m - 3 scrolls of fog
 n - 3 scrolls of magic mapping
 o - a scroll of blinking
 v - 2 scrolls of amnesia {unknown}
 x - a scroll of brand weapon {unknown}
 C - 2 scrolls of acquirement {unknown}
 E - a scroll of holy word {unknown}
 G - 4 scrolls of silence
 I - 3 scrolls of enchant weapon
 J - 5 scrolls of immolation
 S - a scroll of identify
 W - 2 scrolls of fear {unknown}
Potions
 a - 2 potions of haste {unknown}
 b - 2 potions of resistance {unknown}
 c - 4 potions of mutation
 e - 4 potions of cancellation
 t - 5 potions of flight
 w - a potion of invisibility {unknown}
 D - 2 potions of berserk rage {unknown}
 M - 2 potions of might
 O - 2 potions of magic {unknown}
 P - 3 potions of ambrosia
 V - 5 potions of curing {unknown}
 Y - 2 potions of lignification
Miscellaneous
 y - a piece from Xom's chessboard (15/15)
 Z - a phial of floods


   Skills:
 * Level 19.4 Fighting
 + Level 14.3 Maces & Flails
 + Level 14.2 Armour
 + Level 13.0 Dodging
 + Level 10.2 Shields
 + Level 9.0 Evocations


You had 14 spell levels left.
You didn't know any spells.
Your spell library contained the following spells:

 Spells                   Type           Power      Damage    Failure   Level
 Animate Skeleton         Necr           0%         N/A       100%        1
 Beastly Appendage        Tmut           0%         N/A       100%        1
 Pain                     Necr           0%         1d4       100%        1
 Summon Small Mammal      Summ           0%         N/A       100%        1
 Blink                    Tloc           0%         N/A       100%        2
 Ensorcelled Hibernation  Hex/Ice        0%         N/A       100%        2
 Passwall                 Tmut/Erth      0%         N/A       100%        2
 Sublimation of Blood     Necr           0%         N/A       100%        2
 Wereblood                Tmut           0%         N/A       100%        2
 Call Canine Familiar     Summ           0%         N/A       100%        3
 Dazzling Flash           Conj/Hex       0%         N/A       100%        3
 Ignite Poison            Fire/Tmut/Pois 0%         N/A       100%        3
 Mephitic Cloud           Conj/Pois/Air  0%         N/A       100%        3
 Portal Projectile        Hex/Tloc       0%         N/A       100%        3
 Spider Form              Tmut/Pois      0%         N/A       100%        3
 Summon Guardian Golem    Hex/Summ       0%         N/A       100%        3
 Swiftness                Air            0%         N/A       100%        3
 Vampiric Draining        Necr           0%         2d6       100%        3
 Anguish                  Hex/Necr       0%         N/A       100%        4
 Iskenderun's Mystic Bla  Conj/Tloc      0%         2d3       100%        4
 Leda's Liquefaction      Hex/Erth       0%         N/A       100%        4
 Petrify                  Tmut/Erth      0%         N/A       100%        4
 Agony                    Necr           0%         N/A       100%        5
 Alistair's Intoxication  Tmut/Pois      0%         N/A       100%        5
 Borgnjor's Vile Clutch   Necr/Erth      0%         N/A       100%        5
 Excruciating Wounds      Necr           0%         N/A       100%        5
 Freezing Cloud           Conj/Ice/Air   0%         6-21      100%        5
 Irradiate                Conj/Tmut      0%         3d14      100%        5
 Iskenderun's Battlesphe  Conj           0%         2d6       100%        5
 Manifold Assault         Tloc           0%         N/A       100%        5
 Summon Forest            Summ/Tloc      0%         N/A       100%        5
 Conjure Ball Lightning   Conj/Air       0%         3x3d6     100%        6
 Eringya's Noxious Bog    Tmut/Pois      0%         N/A       100%        6
 Iron Shot                Conj/Erth      0%         9d1       100%        6
 Starburst                Conj/Fire      0%         6d3       100%        6
 Spellforged Servitor     Conj/Summ      0%         N/A       100%        7
 Summon Hydra             Summ           0%         N/A       100%        7
 Discord                  Hex            0%         N/A       100%        8
 Disjunction              Tloc           0%         N/A       100%        8


Dungeon Overview and Level Annotations

Branches:
Dungeon (15/15)            Temple (1/1) D:4            Lair (6/6) D:8
 Shoals (0/4) Lair:2       Spider (1/4) Lair:3        Slime (0/5) Lair:5
    Orc (0/2) D:10         Vaults (0/5) D:13         Depths (0/4) D:15
Gauntlet (visited)

Altars:
Dithmenos
Kikubaaqudgha
Qazlal
Uskayaw
Wu Jian
Zin
The Shining One
Jiyva

Shops:
D:1 =   D:2 [[*   D:12 (   D:15 [

Portals:
Trove: D:10 (give +5 demon whip)

Annotations:
D:8 Lair
D:10 Secret treasuse trove, needs level 5 demon whip
D:12 Gauntlet
D:13 Vaults
D:15 Depths
Lair:2 shoals
Lair:3 spider
Lair:5 Slime Pits


Innate Abilities, Weirdness & Mutations

You have a pair of horns on your head.
You reflexively headbutt those who attack you in melee.


Message History

The demonic crawler is moderately wounded.
You are no longer berserk.
You are exhausted.
You feel yourself slow down.
* * * LOW HITPOINT WARNING * * *
You feel extremely sick.
You block the demonic crawler's attack. x2
The demonic crawler hits you but does no damage.
The steelbarb worm hits you but does no damage.
The demonic crawler closely misses you. The demonic crawler hits you.
* * * LOW HITPOINT WARNING * * *
The demonic crawler hits you but does no damage.
The redback closely misses you.
You feel much better.
You feel extremely sick.
You block the demonic crawler's attack. x2; The demonic crawler hits you.
* * * LOW HITPOINT WARNING * * *
You block the redback's attack. You block the steelbarb worm's attack.
The demonic crawler barely misses you. You furiously retaliate!
You headbutt the demonic crawler!!
The demonic crawler hits you but does no damage. x5
The redback closely misses you.
The steelbarb worm hits you but does no damage.
The demonic crawler closely misses you.
The demonic crawler completely misses you.
The demonic crawler hits you but does no damage.
You sock the demonic crawler!
The demonic crawler convulses.
The demonic crawler is almost dead.
You feel extremely sick.
The demonic crawler shrieks in warning!
The redback bites you but does no damage.
The demonic crawler shrieks in warning!
The steelbarb worm misses you. You block the demonic crawler's attack.
The demonic crawler hits you!
* * * LOW HITPOINT WARNING * * *
The demonic crawler hits you but does no damage.
The redback bites you!
* * * LOW HITPOINT WARNING * * *
You block the demonic crawler's attack. The demonic crawler hits you.
You die...

..#.####........####.....## ####.
##...###........# #......# ##.[..
.#..#.##.......P# #.P....###.....
.#..#####.......# ######........#
##.## #.......# ##....###. #..#
##.....## #...## ## ##.##
#..(##### #..## # #..#
##.####s###### #<..##### #..##
#..##.'.@s'..# ##...P.#.. ....#
##.#.^≈s^w≈^## #.....P##. ....#
####.≈≈≈≈≈.# #.........
....########."≈≈^#..####.........
###...##.##.#...##..#.##.........
#....##..##.......#......###...
##..#.....#...#...#^.....# #.#.
##......^...#.^.^..#...## #.##
##...#.^...#.#^...#....# ####


You could see a steelbarb worm, 2 demonic crawlers and a redback.

Vanquished Creatures
  Rupert (Lair:4)
  A sphinx (D:14)
  2 ghost moths (Lair:3)
  Louise (D:14)
  Nessos (D:12)
  A spark wasp (Spider:1)
  A minotaur (Gauntlet)
  An entropy weaver (Lair:3)
  2 yaktaur captains (D:14)
  A fire dragon (D:14)
  An ogre mage (D:10)
  Josephine (Lair:4)
  4 vault guards (D:13)
  4 boulder beetles
  An ice dragon (D:13)
  14 hydras
  A catoblepas (Lair:5)
  3 centaur warriors
  A merfolk avatar (Lair:6)
  5 two-headed ogres
  2 death knights
  2 tengu warriors
  A shock serpent (shapeshifter) (D:13)
  A deep elf knight (D:13)
  Sonja (Lair:4)
  A skeletal warrior (D:12)
  2 sea snakes (Lair:6)
  2 pharaoh ants (Lair:3)
  An orb spider (Lair:3)
  A harpy (Lair:6)
  3 wizards
  An orc knight (D:13)
  An orc sorcerer (D:13)
  4 deep elf pyromancers
  A wolf spider (shapeshifter) (D:14)
  7 cyclopes
  3 wolf spiders
  3 ugly things
  6 manticores
  A moth of wrath (Gauntlet)
  A merfolk siren (Lair:2)
  15 elephants
  5 torpor snails
  7 black mambas
  An ice statue (Gauntlet)
  An unseen horror (D:10)
  9 cane toads
  3 demonic crawlers
  4 freezing wraiths
  2 kobold demonologists
  6 rime drakes
  3 efreet
  11 komodo dragons
  A tengu conjurer (D:10)
  2 yaktaurs (D:13)
  2 trolls
  A snapping turtle (Lair:6)
  A hornet (D:10)
  3 polar bears
  Grinder (D:4)
  14 slime creatures
  11 dream sheep (Lair:5)
  A tarantella (Spider:1)
  17 blink frogs
  A shadow (D:9)
  4 culicivoras
  6 wyverns
  A vampire (D:12)
  34 yaks
  7 wraiths
  9 basilisks
  2 steam dragons
  11 redbacks
  6 vampire mosquitoes
  3 acid dragons
  16 water moccasins
  A necrophage (D:6)
  3 sky beasts
  2 orc warriors
  A black bear (D:4)
  5 wolves (Lair:1)
  An ogre (D:4)
  7 centaurs
  A phantom (D:3)
  3 kobold brigands
  11 bullfrogs
  A gnoll sergeant (D:12)
  A water moccasin skeleton (D:4)
  4 killer bees (D:7)
  12 wights
  2 howler monkeys
  3 electric eels
  6 centaur zombies
  A hound (D:4)
  2 jellies
  A centaur skeleton (D:5)
  3 orc priests
  2 gnoll shamans
  2 iguanas (D:8)
  6 orc wizards
  A scorpion zombie (D:5)
  A killer bee zombie (D:7)
  A centaur simulacrum (D:10)
  A human simulacrum (D:14)
  A howler monkey zombie (D:9)
  16 gnolls
  15 adders
  2 shadow imps (Gauntlet)
  2 white imps (D:6)
  4 ufetubi
  2 worms
  3 dart slugs
  26 orcs
  An endoplasm (D:3)
  5 giant cockroaches
  7 goblins
  9 hobgoblins
  A jackal (D:5)
  4 quokkas
  7 ball pythons
  7 bats
  3 frilled lizards
  16 kobolds
  5 rats
  2 butterflies (Lair:4)
536 creatures vanquished.

Vanquished Creatures (collateral kills)
  A fire giant (D:15)
  An ugly thing (D:10)
  A yak (Lair:4)
3 creatures vanquished.

Vanquished Creatures (others)
  A human simulacrum (D:14)
  A butterfly (Lair:4)
  46 fungi
  66 plants
  44 withered plants
158 creatures vanquished.

Grand Total: 697 creatures vanquished

Notes
Turn   | Place    | Note
-------+----------+-------------------------------------------
     0 | D:1      | rjgbitbgit4bgw the Minotaur Berserker began the quest for
                  | the Orb.
     0 | D:1      | Reached XP level 1. HP: 19/19 MP: 0/0
   106 | D:1      | Found Gaesmo's Jewellery Emporium.
   512 | D:1      | Reached XP level 2. HP: 13/27 MP: 1/1
   714 | D:1      | Reached skill level 4 in Fighting
   949 | D:1      | Found a faded altar of an unknown god.
  1640 | D:2      | Found Susutah's Antique Armour Emporium.
  1859 | D:2      | Found Gatergh's Armour Shoppe.
  1930 | D:2      | Reached XP level 3. HP: 34/34 MP: 2/2
  1951 | D:2      | Found Sih Urr's Assorted Antiques.
  2213 | D:3      | Reached ** piety under Trog
  2284 | D:3      | Found a hide-covered altar of Uskayaw.
  2322 | D:3      | Noticed a phantom
  2333 | D:3      | Killed a phantom
  2334 | D:3      | Reached skill level 5 in Fighting
  2334 | D:3      | Reached XP level 4. HP: 42/42 MP: 3/3
  2630 | D:3      | Reached XP level 5. HP: 46/48 MP: 4/4
  3102 | D:4      | Reached XP level 6. HP: 47/57 MP: 5/5
  3251 | D:4      | Noticed Grinder
  3429 | D:4      | Killed Grinder
  3430 | D:4      | Reached skill level 6 in Fighting
  3430 | D:4      | Reached skill level 5 in Maces & Flails
  3801 | D:3      | Reached XP level 7. HP: 63/64 MP: 6/6
  4083 | D:4      | Reached skill level 7 in Fighting
  4218 | D:4      | Found an ancient bone altar of Kikubaaqudgha.
  4476 | D:4      | Found a staircase to the Ecumenical Temple.
  4485 | Temple   | Entered the Ecumenical Temple
  4531 | D:5      | Entered Level 5 of the Dungeon
  4555 | D:5      | Reached *** piety under Trog
  4565 | D:5      | Reached skill level 5 in Armour
  4793 | D:5      | Reached XP level 8. HP: 74/74 MP: 7/7
  4912 | D:5      | Reached skill level 8 in Fighting
  4912 | D:5      | Reached skill level 5 in Dodging
  5014 | D:5      | Found a shadowy altar of Dithmenos.
  5604 | D:5      | Reached skill level 9 in Fighting
  6012 | D:6      | Reached XP level 9. HP: 82/85 MP: 8/8
  6599 | D:7      | Reached **** piety under Trog
  6600 | D:7      | Reached skill level 10 in Fighting
  7444 | D:7      | Reached skill level 11 in Fighting
  7592 | D:7      | Found a glowing silver altar of Zin.
  8108 | D:7      | Reached XP level 10. HP: 74/96 MP: 9/9
  8455 | D:8      | Reached skill level 12 in Fighting
  8595 | D:8      | Found a staircase to the Lair.
  8758 | D:8      | Found a glowing golden altar of the Shining One.
  8940 | D:8      | Found an ornate altar of the Wu Jian Council.
  8949 | D:8      | Found a stormy altar of Qazlal.
  9452 | D:9      | Reached skill level 1 in Evocations
  9612 | D:9      | Reached ***** piety under Trog
  9901 | D:9      | Noticed a two-headed ogre
  9920 | D:9      | Killed a two-headed ogre
 10025 | D:10     | Entered Level 10 of the Dungeon
 10522 | D:10     | Noticed a two-headed ogre
 10546 | D:10     | Killed a two-headed ogre
 10547 | D:10     | Reached skill level 13 in Fighting
 10649 | D:10     | Reached XP level 11. HP: 84/107 MP: 10/10
 10767 | D:10     | Found a staircase to the Orcish Mines.
 10793 | D:10     | Found a portal to a secret trove of treasure.
 11083 | D:10     | Noticed an ogre mage
 11088 | D:10     | Killed an ogre mage
 11089 | D:10     | Reached skill level 10 in Maces & Flails
 11306 | D:10     | Noticed a brown ugly thing
 11327 | D:10     | Killed a brown ugly thing
 11538 | D:10     | Noticed a tengu warrior
 11559 | D:10     | Killed a tengu warrior
 11761 | D:10     | Reached skill level 10 in Armour
 12379 | D:11     | Reached skill level 14 in Fighting
 12646 | D:11     | Noticed a boulder beetle
 12668 | D:11     | Killed a boulder beetle
 12669 | D:11     | Reached skill level 1 in Shields
 13448 | Lair:1   | Entered Level 1 of the Lair of Beasts
 14211 | Lair:1   | Noticed a six-headed hydra
 14212 | Lair:1   | Reached XP level 12. HP: 118/118 MP: 11/11
 14232 | Lair:2   | Found the +0 mask of the Dragon {Will+ Slay+3 SInv}
 14273 | Lair:1   | Killed a six-headed hydra
 14401 | Lair:1   | Noticed an eight-headed hydra
 14412 | Lair:1   | Killed an eight-headed hydra
 15895 | Lair:2   | Noticed a six-headed hydra
 15901 | Lair:2   | Noticed an eight-headed hydra
 15909 | Lair:1   | Killed a six-headed hydra
 16161 | Lair:2   | Killed an eight-headed hydra
 16162 | Lair:2   | Reached skill level 15 in Fighting
 16162 | Lair:2   | Reached skill level 5 in Evocations
 16466 | Lair:2   | Noticed a seven-headed hydra
 16496 | Lair:2   | Killed a seven-headed hydra
 16497 | Lair:2   | Reached skill level 10 in Dodging
 17484 | Lair:2   | Found a staircase to the Shoals.
 18246 | Lair:3   | Reached skill level 5 in Shields
 18853 | Lair:3   | Found a hole to the Spider Nest.
 18853 | Lair:3   | Noticed a four-headed hydra
 18876 | Lair:3   | Killed a four-headed hydra
 18877 | Lair:3   | Reached XP level 13. HP: 107/128 MP: 12/12
 19881 | Lair:4   | Noticed Rupert
 19890 | Lair:4   | Killed Rupert
 19891 | Lair:4   | Reached skill level 16 in Fighting
 20954 | Lair:4   | Noticed Sonja
 21311 | Lair:4   | Killed Sonja
 21895 | Lair:4   | Noticed Josephine
 21917 | Lair:4   | Killed Josephine
 22731 | D:12     | Found a gate leading to a gauntlet.
 22745 | Gauntlet | Entered a Gauntlet
 22745 | Gauntlet | Found a transporter.
 22760 | Gauntlet | Found a transporter.
 22760 | Gauntlet | Found a transporter.
 22762 | Gauntlet | Found a transporter.
 22788 | Gauntlet | Found a transporter.
 22807 | Gauntlet | Found a transporter.
 22852 | Gauntlet | Found a transporter.
 22873 | Gauntlet | Found a transporter.
 22884 | Gauntlet | Noticed a reaper
 22920 | Gauntlet | Found a transporter.
 22928 | Gauntlet | Found a transporter.
 23212 | Gauntlet | Found a transporter.
 23279 | Gauntlet | Found a transporter.
 23340 | Gauntlet | Identified the ring of Hotsutz {Fly rC- Will+ Int+2 Dex+5}
 23350 | Gauntlet | Found the +0 pair of fencer's gloves {Riposte Dex+3}
 23350 | Gauntlet | Found a transporter.
 23354 | Gauntlet | Found a transporter.
 23369 | Gauntlet | Identified the +5 morningstar "Mergheaw" {holy, +Blink
                  | rC+++ rN+ Int-4}
 23369 | Gauntlet | Noticed a minotaur
 23385 | Gauntlet | Killed a minotaur
 23531 | Gauntlet | Got Sif Muna's Guide on Cankerous Dislocation
 24140 | Lair:5   | Reached skill level 17 in Fighting
 24371 | Lair:5   | Found a runed translucent door.
 24372 | Lair:5   | Found a viscous altar of Jiyva.
 24374 | Lair:5   | Found a staircase to the Slime Pits.
 24500 | Lair:5   | Reached XP level 14. HP: 128/140 MP: 13/13
 24541 | Lair:5   | Identified the +1 mace of Fiowesun {drain, rElec rPois
                  | Stlth+}
 25026 | Lair:6   | Entered Level 6 of the Lair of Beasts
 25745 | Lair:6   | Identified the +7 whip "Vamaupe" {flame, rC+}
 25947 | Lair:6   | Identified the +9 trident of Yrphaed {vorpal, rElec Int+4}
 27116 | D:12     | Noticed Nessos
 27133 | D:12     | Killed Nessos
 27365 | D:12     | Found Qiudac's Antique Weapon Emporium.
 27831 | D:13     | Reached skill level 18 in Fighting
 28514 | D:13     | Received a gift from Trog
 28650 | D:13     | Found a gate to the Vaults.
 29163 | D:13     | Reached XP level 15. HP: 150/150 MP: 14/14
 29587 | D:14     | Noticed a sphinx
 29710 | D:14     | Killed a sphinx
 29915 | D:14     | Noticed Louise
 29935 | D:14     | Killed Louise
 30380 | D:15     | Entered Level 15 of the Dungeon
 30492 | D:15     | Noticed a fire giant
 30496 | D:15     | Found a staircase to the Depths.
 30597 | D:15     | Found Xuotwuru's Armour Shoppe.
 30656 | D:15     | Reached skill level 19 in Fighting
 31161 | D:15     | Killed a fire giant
 31161 | D:15     | Received a gift from Trog
 32389 | Spider:1 | Entered Level 1 of the Spider Nest
 32713 | Lair:3   | Reached skill level 10 in Shields
 34151 | Lair:3   | HP: 3/152 [redback (9)]
 34151 | Lair:3   | Slain by a demonic crawler

Illustrated notes

Levels and vault maps discovered:
D:1:      dpeg_arrival_pond, layout_basic, chequers_ecumenical_altar_island,
          serial_shops, shop_fountains
D:2:      layout_basic, serial_shops, nicolae_lakefront_shop, shop,
          nicolae_diamond_shop, minmay_misc_feat_roman, minmay_pentomino_o4
D:3:      layout_loops_ring, mainiacjoe_overflow_surrounded_room,
          minmay_snake_closets
D:4:      layout_rooms, kiku_gazebo_garden_becter, minmay_temple_entry_poolview,
          serial_corexii_hall, corexii_hall_statues_s,
          corexii_hall_statues_deadend, uniq_grinder
D:5:      minmay_recursive_quarters, layout_rooms, mainiacjoe_overflow_paths,
          serial_bayou, serial_bayou_shore_a, serial_bayou_pond_c,
          serial_bayou_pond_c, serial_bayou_ford_a, serial_bayou_pond_a,
          roderic_roman_lattice
D:6:      layout_rooms, dk_vineyard_1
D:7:      layout_basic, zin_scriptorium, minmay_small_thing
D:8:      layout_loops_cross, nicolae_tso_carved_into_rock,
          mainiacjoe_overflow_swirl, minmay_lair_entry_grove
D:9:      layout_rooms
D:10:     minmay_slanted_spiral_squares, layout_layer_cave, orc_0_dummy,
          nicolae_trove_entry_free_sample
D:11:     layout_gridville
D:12:     layout_loops_corners, serial_glass, glass_columns_b, glass_columns_a,
          serial_shops, nicolae_inconvenience_store, gauntlet_entry_generic,
          uniq_nessos
D:13:     layout_cross, grunt_vaults_entry_fortified, grunt_ministairs_8
D:14:     thingy_vault, layout_rooms, amcnicky_mini_rare_corridor_liquid,
          bh_circular_ruins, uniq_louise
D:15:     grunt_enter_depths_giant_problem, layout_small_grid, serial_shops,
          nicolae_square_shop, minmay_splitting_lines
Temple:   bh_familiar_temple
Lair:1:   layout_cave_pods
Lair:2:   layout_loops_ring, minmay_shoals_entry_lonely_mermaid,
          chequers_serial_rivers_small_3
Lair:3:   layout_cave_pods, nicolae_spider_entry_orb_guardian
Lair:4:   layout_long_grid, lemuel_fruit_fields, uniq_josephine, uniq_sonja,
          uniq_rupert
Lair:5:   layout_gridlike, slime_altar_2
Lair:6:   gammafunk_lair_ancient_temple, layout_cellular_growth,
          wad_woods_road_03
Spider:1: layout_spider_delve

Skill      XL: |  1  2  3  4  5  6  7  8  9 10 11 12 13 14 15 |
---------------+----------------------------------------------+-----
Fighting       | 4 5 6 7 9 11 13 14 15 17 18 19 | 19.4
Maces & Flails | 4 5 6 7 8 9 10 11 12 13 14 | 14.3
Armour         | 3 4 5 6 8 9 10 11 12 13 14 | 14.2
Dodging        | 3 4 6 7 8 9 10 11 12 13 | 13.0
Evocations     | 2 4 5 7 8 9 |  9.0
Shields        | 2 5 7 9 10 | 10.2

Action                   |  1- 3 |  4- 6 |  7- 9 | 10-12 | 13-15 || total
-------------------------+-------+-------+-------+-------+-------++-------
Melee: Mace              |    88 |    81 |    30 |       |       ||   199
       Headbutt          |    12 |     8 |    70 |    84 |   254 ||   428
       Punch             |     1 |     2 |     2 |     6 |    23 ||    34
       Flail             |       |       |   193 |       |       ||   193
       Morningstar       |       |       |    75 |   406 |   908 ||  1389
Invok: Berserk           |     2 |     1 |     1 |     9 |    10 ||    23
       Trog's Hand       |       |     1 |     1 |       |     1 ||     3
       Brothers in Arms  |       |       |       |     3 |     3 ||     6
Evoke: Wand              |       |       |       |       |     5 ||     5
  Use: Scroll            |       |       |     6 |     5 |    20 ||    31
       Potion            |       |       |       |       |     5 ||     5
Armor: Animal skin       |     3 |       |       |       |       ||     3
       Ring mail         |    19 |    39 |   137 |    36 |       ||   231
       Chain mail        |       |       |       |   243 |   232 ||   475
       Plate armour      |       |       |       |       |   427 ||   427
Dodge: Dodged            |    52 |    64 |   285 |   320 |   531 ||  1252
Block: Tower shield      |       |       |       |       |   255 ||   255
